Map: Ruins of Seras

Players

Illmaculate

  • Race: Zerg Zerg
  • League: Master

EJK - Winner!

  • Race: Terran Terran
  • League: Master

VOD

Have the link to the VOD?

Description

Time

  • Played on: Nov. 13, 2015, 8:30 p.m.
  • Length: 24:11
Show
View Real Time Build Order
Export as new Build Order

Illmaculate Zerg 

Build Orders: Hatch First, Muta Ling Bane 

Get SALT Encoding   

  12  0:01  Drone  
  13  0:08  Drone  
  14  0:18  Overlord  
  14  0:25  Drone, Extractor  
  15  0:36  Drone x2  
  17  0:54  Hatchery  
  17  0:57  Drone  
  17  1:02  Extractor  
  16  1:13  Spawning Pool  
  16  1:15  Drone  
  16  1:19  Drone  
  16  1:23  Drone  
  18  1:28  Drone  
  19  1:37  Overlord  
  19  1:48  Drone  
  20  2:00  Queen  
  20  2:01  Zergling x2  
  23  2:05  Metabolic Boost  
  23  2:09  Queen  
  23  2:13  Zergling x2  
  23  2:15  Zergling x2  
  27  2:19  Drone  
  28  2:23  Drone  
  28  2:27  Drone  
  30  2:31  Overlord  
  30  2:39  Drone  
  30  2:43  Lair  
  31  2:48  Extractor  
  30  2:53  Queen  
  32  2:59  Drone x2  
  34  3:06  Overlord  
  34  3:09  Drone  
  34  3:10  Drone  
  34  3:11  Drone  
  36  3:22  Drone x3  
  36  3:23  Drone  
  40  3:31  Overlord  
  40  3:34  Drone x2  
  42  3:41  Extractor  
  42  3:45  Spire  
  40  3:49  Zergling x4  
  42  4:00  Drone x3  
  42  4:01  Extractor  
  44  4:07  Drone x3, Baneling Nest  
  46  4:15  Spine Crawler  
  46  4:17  Drone x2  
  47  4:27  Drone x4  
  51  4:34  Overlord  
  51  4:38  Drone x4  
  55  4:47  Overlord  
  55  4:59  Zerg Flyer Weapons Level 1  
  55  5:00  Mutalisk x3  
  55  5:01  Mutalisk  
  55  5:04  Mutalisk  
  65  5:09  Mutalisk  
  67  5:17  Evolution Chamber  
  67  5:19  Mutalisk  
  68  5:26  Zergling x12  
  73  5:34  Zergling x2  
  73  5:39  Mutalisk  
  73  5:40  Mutalisk  
  73  5:42  Overlord  
  76  5:43  Overlord  
  76  5:56  Zerg Melee Weapons Level 1  
  76  5:57  Hatchery  
  76  6:03  Zergling x10  
  80  6:16  Drone x6  
  85  6:33  Overlord x3  
  85  6:37  Drone x4  
  88  6:50  Mutalisk  
  88  6:51  Mutalisk x2  
  92  6:57  Centrifical Hooks, Zerg Flyer Weapons Level 2  
  91  7:01  Drone x2  
  91  7:02  Drone x4  
  97  7:15  Mutalisk x3  
  98  7:18  Overlord  
  102  7:25  Roach Warren  
  101  7:32  Evolution Chamber, Drone  
  101  7:33  Drone x5  
  101  7:35  Extractor  
  101  7:36  Extractor  
  104  7:39  Infestation Pit  
  104  7:43  Overlord x2  
  103  7:51  Zerg Missile Weapons Level 1  
  101  7:59  Zerg Ground Armor Level 1  
  101  8:09  Glial Reconstitution  
  101  8:12  Roach x2  
  112  8:13  Roach x6  
  112  8:14  Hatchery  
  112  8:15  Queen  
  117  8:21  Drone x4  
  120  8:33  Zergling x8  
  124  8:37  Pathogen Glands  
  124  8:38  Hive  
  124  8:47  Roach  
  124  8:48  Roach x5  
  134  8:58  Ravager x3  
  134  8:59  Zergling x10  
  134  9:00  Zergling x6  
  144  9:05  Overlord x2  
  130  9:11  Ravager x3  
  124  9:25  Roach  
  124  9:26  Roach x7  
  132  9:39  Roach  
  132  9:40  Roach x8, Zergling x2  
  143  9:49  Zergling x2  
  143  9:50  Zergling x8  
  143  9:51  Zerg Missile Weapons Level 2  
  148  9:53  Zergling x2  
  148  9:55  Ravager x2  
  151  10:02  Queen  
  151  10:07  Ravager  
  151  10:08  Ravager x2  
  151  10:11  Zergling x8  
  158  10:19  Hatchery  
  158  10:20  Zergling x6  
  150  10:33  Roach x6, Zergling x10  
  151  10:37  Overlord  
  144  10:43  Ravager  
  144  10:44  Ravager  
  143  10:56  Roach x10  
  150  11:06  Zergling x6  
  150  11:07  Zergling x2  
  151  11:14  Queen  
  153  11:20  Roach x2  
  153  11:21  Roach x5  
  153  11:22  Overlord x2  
  167  11:27  Zerg Ground Armor Level 2  
  167  11:34  Drone  
  167  11:35  Drone x4  
  170  11:40  Zergling x6  
  170  11:41  Zergling x2  
  174  11:50  Zergling x14  
  179  12:02  Corruptor  
  179  12:03  Corruptor  
  179  12:05  Overseer  
  182  12:16  Spore Crawler  
  182  12:19  Spore Crawler  
  182  12:21  Zergling x2  
  179  12:23  Zergling x6  
  179  12:24  Zergling x10  
  179  12:29  Viper  
  185  12:32  Overlord x3  
  188  12:37  Evolution Chamber x2  
  188  12:39  Zerg Flyer Armor Level 1  
  185  12:46  Spine Crawler  
  185  12:49  Extractor  
  179  12:51  Viper x2  
  179  12:52  Viper x3  
  194  13:00  Zerg Missile Weapons Level 3  
  194  13:06  Drone  
  194  13:07  Drone x2  
  197  13:19  Zerg Melee Weapons Level 2  
  197  13:21  Zergling x2  
  197  13:22  Zergling x4  
  200  13:28  Extractor  
  200  13:34  Spine Crawler  
  197  14:01  Corruptor  
  199  14:06  Pneumatized Carapace  
  199  14:08  Adrenal Glands  
  199  14:12  Hatchery, Zerg Ground Armor Level 3  
  199  14:17  Ultralisk Cavern  
  182  14:59  Roach x7  
  196  15:01  Zergling x8  
  196  15:02  Spine Crawler  
  196  15:05  Baneling  
  196  15:06  Baneling x8  
  197  15:12  Overseer  
  197  15:28  Extractor  
  197  15:33  Zergling x18  
  197  15:34  Extractor, Zergling x8  
  198  15:38  Zergling x4  
  198  15:42  Zerg Melee Weapons Level 3  
  173  16:02  Corruptor x9  
  122  16:19  Corruptor x5  
  122  16:20  Corruptor x2  
  136  16:39  Spore Crawler, Corruptor x2  
  135  16:40  Corruptor x2  
  143  16:52  Overlord  
  143  17:02  Zergling x2  
  143  17:03  Spine Crawler  
  143  17:04  Spine Crawler  
  141  17:18  Drone x2, Spine Crawler  
  141  17:19  Drone x3  
  143  17:34  Roach x8  
  143  17:35  Zerg Flyer Armor Level 2  
  159  17:46  Zergling x2  
  159  17:47  Zergling x4  
  162  17:57  Spine Crawler  
  159  18:13  Roach  
  159  18:14  Chitinous Plating, Roach x6  
  159  18:16  Ultralisk  
  179  18:32  Overlord x2  
  179  18:33  Overlord x4  
  179  18:34  Baneling x8  
  179  18:35  Baneling x3  
  179  18:40  Overlord x2  
  177  19:08  Viper  
  177  19:09  Viper x3  
  189  19:14  Ravager x7  
  195  19:34  Zergling x2  
  195  19:35  Zergling x8  
  198  19:43  Hatchery  
  148  20:03  Zergling x2  
  148  20:04  Zergling x18  
  144  20:09  Ultralisk x3  
  144  20:11  Corruptor x2  
  144  20:13  Zergling x6  
  144  20:14  Zergling x2  
  169  20:30  Roach x6  
  181  20:42  Baneling x7  
  171  21:08  Roach x8  
  171  21:10  Extractor  
  184  21:16  Roach x8  
  183  21:38  Roach  
  183  21:39  Roach x9  
  193  21:44  Zergling x12  
  165  21:54  Zergling x14  
  125  22:16  Ravager x7  
  132  22:27  Drone x3, Extractor  
  134  22:33  Corruptor x3  
  139  22:39  Drone x6  
  142  22:46  Spine Crawler  
  141  22:57  Corruptor x3  
  146  23:08  Corruptor x2  
  150  23:23  Zergling x2  
  150  23:24  Zergling x10  
  137  23:41  Zergling x2  
  137  23:42  Roach x6, Zergling x12  
Show
View Real Time Build Order
Export as new Build Order

EJK Terran - Winner!

Build Orders: Command Center First (CC) 

Get SALT Encoding   

  12  0:00  SCV  
  13  0:13  SCV  
  14  0:19  Supply Depot  
  14  0:25  SCV  
  15  0:40  SCV  
  16  0:53  SCV  
  17  1:03  Command Center  
  17  1:05  SCV  
  18  1:15  Barracks  
  18  1:20  SCV  
  18  1:25  Refinery  
  19  1:32  SCV  
  20  1:35  Refinery  
  20  1:44  SCV  
  22  2:04  Reaper  
  22  2:06  Orbital Command  
  22  2:15  Orbital Command  
  22  2:23  Factory  
  22  2:33  SCV, Supply Depot  
  23  2:43  Barracks Reactor  
  23  2:45  SCV x2  
  25  2:57  SCV x2  
  27  3:01  Factory  
  27  3:10  SCV  
  27  3:11  SCV  
  29  3:23  SCV x2  
  29  3:26  Hellion x2, Barracks Tech Lab  
  35  3:35  SCV x2  
  37  3:47  Hellion x2  
  41  3:58  SCV x2  
  41  4:01  Command Center, Cyclone  
  46  4:05  Supply Depot  
  46  4:08  Supply Depot  
  46  4:12  Factory  
  46  4:14  Barracks Tech Lab  
  46  4:18  Refinery  
  46  4:27  SCV, Hellion x2  
  51  4:31  SCV  
  51  4:37  Cyclone  
  54  4:38  Refinery  
  54  4:39  SCV  
  55  4:45  SCV  
  55  4:46  Engineering Bay  
  55  4:51  SCV  
  61  4:52  Hellion  
  61  4:53  Hellion  
  61  4:58  SCV  
  62  5:13  SCV, Cyclone x2  
  70  5:16  SCV, Orbital Command  
  70  5:17  Supply Depot  
  70  5:23  Supply Depot  
  70  5:25  Missile Turret  
  70  5:27  Missile Turret  
  70  5:32  Missile Turret  
  70  5:34  SCV x2  
  72  5:37  Orbital Command  
  72  5:38  Infernal Pre-Igniter  
  72  5:42  Mag-Field Accelerator  
  72  5:48  SCV  
  72  5:49  SCV  
  74  5:53  Cyclone  
  74  5:56  Cyclone, Missile Turret  
  80  6:11  SCV x3  
  82  6:22  Starport  
  82  6:23  SCV x3  
  85  6:30  Cyclone x2  
  85  6:31  Hellion  
  85  6:32  Hellion  
  92  6:34  Refinery  
  92  6:35  SCV  
  92  6:36  Refinery  
  92  6:39  Supply Depot  
  93  6:40  SCV x2  
  89  6:49  Liberator  
  87  6:57  SCV x3  
  87  6:59  Missile Turret  
  88  7:02  Hellion x2, Cyclone  
  88  7:03  Cyclone  
  101  7:12  Supply Depot x2  
  101  7:16  Supply Depot  
  101  7:21  SCV x2  
  101  7:32  Supply Depot x2  
  101  7:34  SCV x3, Hellion x2, Factory x2  
  108  7:39  Supply Depot  
  108  7:45  Cyclone x2  
  108  7:47  Liberator  
  108  7:49  SCV  
  108  7:50  SCV x2  
  112  8:01  Supply Depot  
  112  8:02  Supply Depot, SCV x3  
  118  8:08  Armory  
  118  8:16  Command Center  
  118  8:19  Factory Tech Lab, Hellion, Factory Reactor  
  120  8:22  Cyclone  
  120  8:26  Cyclone  
  126  8:30  Liberator  
  126  8:33  Supply Depot x2  
  128  8:34  Hellion  
  128  8:40  Hellion  
  133  8:52  Cyclone  
  133  8:55  Cyclone  
  135  8:57  Hellion x3  
  135  8:58  Hellion  
  135  9:00  Missile Turret x2  
  137  9:14  Armory, Terran Vehicle Weapons Level 1  
  137  9:19  Command Center  
  137  9:21  Cyclone  
  137  9:23  Hellion x3  
  137  9:24  Cyclone  
  149  9:36  Liberator  
  142  9:39  Refinery  
  142  9:41  Cyclone  
  142  9:43  Refinery  
  142  9:46  Hellion x2  
  142  9:47  Hellion x2  
  148  9:53  Cyclone  
  154  10:04  Planetary Fortress  
  154  10:08  SCV x3, Missile Turret  
  154  10:09  Terran Vehicle And Ship Armor Level 1  
  157  10:16  Cyclone x2  
  157  10:17  Hellion  
  157  10:19  Hellion  
  155  10:36  Cyclone  
  155  10:42  Hellion x2  
  162  10:44  Hellion x2  
  162  10:48  Cyclone x2  
  163  11:03  Hellion x2, Liberator  
  154  11:08  Cyclone  
  140  11:16  Command Center  
  140  11:20  Cyclone x2  
  147  11:40  Cyclone  
  147  11:46  Terran Vehicle Weapons Level 2  
  150  11:52  Starport x2  
  150  11:53  Fusion Core  
  150  11:56  Cyclone  
  150  11:57  Cyclone  
  150  11:58  Orbital Command  
  150  12:12  Cyclone  
  149  12:27  Hellion  
  149  12:28  Hellion x3, Starport Tech Lab x3  
  149  12:29  Cyclone x2  
  163  12:33  Terran Vehicle And Ship Armor Level 2  
  163  12:34  Command Center  
  159  12:44  Cyclone  
  158  12:56  Behemoth Reactor  
  158  13:13  Refinery  
  158  13:15  Refinery  
  158  13:16  Battlecruiser x2  
  170  13:25  Cyclone  
  170  13:26  Cyclone  
  176  13:43  Planetary Fortress  
  176  13:44  Starport  
  176  13:45  Missile Turret  
  172  14:02  Terran Ship Weapons Level 1  
  172  14:07  Command Center  
  172  14:19  Sensor Tower  
  172  14:26  Battlecruiser  
  178  14:32  Battlecruiser  
  184  14:48  Refinery  
  184  14:49  Missile Turret  
  184  14:51  Missile Turret  
  184  14:52  Refinery  
  178  14:53  Battlecruiser  
  178  14:57  Starport Tech Lab  
  184  15:03  Starport  
  184  15:06  Planetary Fortress  
  184  15:19  Liberator  
  184  15:31  Battlecruiser  
  181  15:36  Hellion x4  
  181  15:37  Battlecruiser  
  192  15:52  Cyclone  
  192  15:53  Cyclone x2  
  176  16:12  Hellion x2  
  176  16:13  Hellion x2  
  176  16:18  Terran Vehicle Weapons Level 3  
  171  16:24  Cyclone  
  171  16:25  Terran Vehicle And Ship Armor Level 3, Cyclone  
  177  16:37  Starport Tech Lab  
  177  16:38  Sensor Tower  
  173  17:02  Battlecruiser x3  
  173  17:06  Missile Turret  
  193  17:08  Hellion  
  193  17:09  Hellion x3  
  195  17:34  Sensor Tower  
  195  17:38  Orbital Command  
  195  17:43  Command Center  
  195  17:45  Command Center  
  195  17:57  Cyclone  
  198  18:00  Hellion  
  198  18:12  Command Center, Liberator  
  199  19:05  Missile Turret  
  199  19:08  Missile Turret  
  199  19:16  Terran Ship Weapons Level 2  
  199  19:25  Starport x2  
  199  19:35  Refinery, Orbital Command  
  199  19:38  Refinery  
  199  19:40  Orbital Command  
  168  19:55  Cyclone x3  
  150  20:05  Hellion x4  
  143  20:12  Battlecruiser x3  
  161  20:15  Planetary Fortress  
  161  20:27  Cyclone x3  
  170  20:31  Missile Turret, Starport Tech Lab x2  
  170  20:41  Hellion x2  
  172  20:45  Hellion x2  
  174  20:57  Battlecruiser x4  
  194  21:15  Weapon Refit  
  191  21:36  Cyclone x3  
  191  21:37  Hellion x4  
  177  21:42  Battlecruiser x3  
  153  21:58  Hellion x4  
  140  22:09  Cyclone x3  
  149  22:24  Hellion x3  
  149  22:25  Hellion  
  157  22:41  Cyclone x3, Liberator x3  
  160  22:52  Missile Turret  
  160  22:53  Command Center  
  160  22:54  Missile Turret  
  160  23:03  Hellion x2  
  177  23:05  Hellion x2  
  177  23:13  Cyclone x2  
  181  23:36  Cyclone  
  181  23:40  Hellion x4  
Tags
 
Add a new tag
Caveats
  • Supply blocks, unpowered buildings, or Contaminate may cause inaccurate times.
  • Supply counts are checked every 10 seconds.